Map: Ulrena

Players

zidar - Winner!

  • Race: Zerg Zerg
  • League: Gold
  • Spawn Location: 11:00

charla

  • Race: Terran Terran
  • League: Gold
  • Spawn Location: 7:00

VOD

Have the link to the VOD?

Description

Time

  • Played on: June 13, 2016, 1:25 p.m.
  • Length: 8:37
Show
View Real Time Build Order
Export as new Build Order

zidar Zerg - Winner!

Build Orders: Hatch First 

Get SALT Encoding   

  12  0:01  Drone  
  13  0:12  Overlord  
  13  0:17  Drone  
  14  0:32  Drone x2  
  14  0:34  Drone  
  17  0:56  Hatchery  
  16  0:57  Drone  
  17  1:07  Extractor, Drone x2  
  18  1:23  Spawning Pool  
  18  1:24  Drone  
  18  1:31  Drone  
  19  1:39  Overlord  
  19  1:54  Drone  
  20  2:34  Zergling x12  
  23  2:48  Metabolic Boost  
  23  3:00  Zergling x2  
  23  3:01  Zergling x2  
  23  3:03  Zergling x4  
  25  3:19  Queen  
  27  3:29  Drone x2  
  27  3:30  Roach Warren  
  28  3:43  Drone x3  
  30  3:58  Queen  
  32  4:03  Drone x3  
  35  4:16  Extractor, Drone  
  35  4:21  Overlord  
  35  4:25  Overlord  
  35  4:40  Drone  
  35  4:41  Drone x2  
  35  4:43  Drone x2  
  35  4:44  Drone x2  
  42  4:52  Drone  
  43  4:57  Roach  
  45  5:02  Drone  
  46  5:10  Drone  
  46  5:11  Drone  
  46  5:12  Drone  
  49  5:16  Roach  
  49  5:20  Overlord  
  49  5:21  Overlord  
  51  5:31  Lair  
  51  5:43  Roach  
  51  5:44  Roach x7  
  51  5:49  Overlord x2  
  67  6:09  Ravager x2  
  69  6:18  Roach x7  
  83  6:23  Overlord  
  54  7:02  Roach  
  54  7:03  Roach x7  
  70  7:12  Ravager  
  70  7:13  Ravager x3  
  53  7:59  Roach  
  53  8:00  Roach x8  
  69  8:12  Zergling x10  
  72  8:22  Extractor  
  72  8:23  Extractor  
Show
View Real Time Build Order
Export as new Build Order

charla Terran 

Build Orders:  

Get SALT Encoding   

  12  0:01  SCV  
  13  0:15  Supply Depot  
  13  0:18  SCV  
  14  0:30  SCV  
  15  0:38  Barracks  
  15  0:42  SCV  
  16  0:54  SCV  
  17  1:06  SCV  
  18  1:18  SCV  
  18  1:24  Marine  
  20  1:27  Bunker  
  20  1:31  SCV  
  20  1:32  Bunker  
  21  1:42  Marine  
  22  2:04  Marine  
  23  2:10  Supply Depot  
  23  2:11  Command Center  
  23  2:22  Marine  
  21  2:23  SCV  
  22  2:35  SCV  
  23  2:40  Marine  
  24  2:47  SCV  
  25  2:57  Marine  
  26  2:58  Refinery  
  26  2:59  Orbital Command  
  26  3:07  Bunker  
  25  3:15  Marine  
  24  3:23  Refinery  
  24  3:33  Marine  
  25  3:52  SCV  
  26  3:57  SCV  
  27  4:05  Marine  
  27  4:07  Engineering Bay  
  28  4:12  SCV  
  28  4:16  SCV  
  30  4:18  Factory  
  30  4:29  Marine  
  30  4:31  Command Center  
  31  4:38  Factory  
  31  4:44  Planetary Fortress  
  31  4:46  SCV  
  32  4:58  Missile Turret, SCV  
  33  5:01  Missile Turret  
  33  5:03  Factory Tech Lab  
  33  5:10  SCV  
  33  5:12  Barracks Tech Lab  
  33  5:13  Supply Depot  
  34  5:19  Missile Turret  
  34  5:21  SCV  
  35  5:22  SCV  
  36  5:31  Marauder  
  36  5:33  SCV  
  36  5:34  SCV  
  40  5:38  Siege Tank  
  43  5:45  SCV  
  43  5:46  SCV  
  45  5:53  Factory Tech Lab  
  45  5:57  SCV  
  46  6:05  Missile Turret  
  46  6:06  Missile Turret  
  46  6:10  Siege Tank  
  49  6:13  Missile Turret, SCV x2  
  49  6:18  Armory  
  51  6:25  SCV  
  52  6:30  SCV  
  53  6:42  SCV  
  51  6:48  Marauder  
  51  6:49  Siege Tank  
  52  6:54  SCV  
  49  7:03  Bunker  
  49  7:05  SCV  
  49  7:06  SCV  
  49  7:07  Planetary Fortress  
  51  7:09  Marine  
  52  7:21  SCV x2  
  54  7:26  Marine  
  55  7:33  SCV x2  
  54  7:45  Marauder  
  54  7:50  Siege Tank  
  53  8:06  Marine  
Tags
 
League
GoldGold
Matchup
TvZ
Spawn Locations
Close Positions
Add a new tag
Caveats
  • Supply blocks, unpowered buildings, or Contaminate may cause inaccurate times.
  • Supply counts are checked every 10 seconds.